 Dungeon Crawl Stone Soup version 0.17-a0-15-g0155121 (console) character file.

42 Monkaria the Ducker (level 3, -1/19 HPs)
             Began as a Spriggan Abyssal Knight on Mar 5, 2015.
             Was a Follower of Lugonu.
             Slain by a spatial maelstrom (7 damage)
             ... on level 1 of the Abyss.
             The game lasted 00:02:41 (511 turns).

Monkaria the Ducker (Spriggan Abyssal Knight)        Turns: 511, Time: 00:02:42

Health: -1/19      AC:  2    Str:  9    XL:     3   Next: 35%
Magic:  6/6        EV: 18    Int: 13    God:    Lugonu [*.....]
Gold:   14         SH:  0    Dex: 15    Spells: 0 memorised, 2 levels left

rFire  . . .     SeeInvis +     a - +1 spear
rCold  . . .     Clarity  .     b - +0 robe
rNeg   . . .     SustAb   .     (shield restricted)
rPois  .         Gourm    .     (helmet restricted)
rElec  .         Spirit   .     (no cloak)
rCorr  .         Warding  .     (gloves unavailable)
rMut   .         Stasis   .     (boots unavailable)
MR     .....                    (no amulet)
Stlth  ..........               (no ring)
                                e - ring of loudness (curse)

@: very quick, not resistant to hostile enchantments, extremely unstealthy
A: unfitting armour, see invisible, deterioration 1, herbivore 3, speed 3,
screaming 1, slow metabolism 2
a: Depart the Abyss, Renounce Religion


You were on level 1 of the Abyss.
You worshipped Lugonu.
Lugonu was aware of your devotion.
You were not hungry.

You visited 0 branches of the dungeon, and saw 0 of its levels.
You visited the Abyss 1 time.

You collected 14 gold pieces.

Inventory:

Hand weapons
 a - a +1 spear (weapon)
Armour
 b - a +0 robe (worn)
Jewellery
 e - a cursed ring of loudness (left hand)
Scrolls
 d - a scroll of blinking
Comestibles
 c - a bread ration


   Skills:
 + Level 2.9 Fighting
 * Level 2.4 Polearms
 - Level 0.6 Armour
 - Level 3.0 Dodging
 - Level 1.7 Invocations


You had 2 spell levels left.
You didn't know any spells.

Dungeon Overview and Level Annotations

Branches:
Dungeon (0/15)

Altars:


Innate Abilities, Weirdness & Mutations

You are tiny and cannot use many weapons and most armour.
You have supernaturally acute eyesight.
You are a herbivore.
You cover ground extremely quickly.
You need consume almost no food.
[Your body is slowly deteriorating.]
[You occasionally shout uncontrollably at your foes.]


Message History

The spatial vortex is lightly damaged.
The spatial vortex moves out of view. x2
A spatial vortex comes into view.
Attack whom?
Press: ? - help, Dir - move target cursor, f - spatial vortex, p - spatial vortex
Aim: a spatial vortex (hasn't noticed you)
You reach to attack!
You catch the helpless spatial vortex momentarily off-guard.
You hit the spatial vortex.
The spatial vortex is lightly damaged.
You hit the spatial vortex.
The spatial vortex is lightly damaged.
The spatial maelstrom barely misses you.
The spatial maelstrom misses you.
A spatial vortex comes into view.
You shout at the spatial vortex!
You hit the spatial maelstrom.
The spatial maelstrom is lightly damaged.
The spatial maelstrom hits you!
You die...

#. #....#. .##.
.#. .. ...#.#..
#.#..
....#.....##.#..
# ..#...
######.. .#
##v### .... .#
#.###v.# .#.# ..
#......####.#.#.
..##.#..##.##..#
.. #v.v..@...#.#
..#...#v.#..#.#
. ....#v#....#..
#.##.##.####..
.. #. ##. ... v
. ##.# ## ## .#


You could see a spatial maelstrom and 6 spatial vortices.

Vanquished Creatures
  A small abomination (Abyss:1)
  A white imp (Abyss:1)
2 creatures vanquished.

Vanquished Creatures (others)
  2 starspawn tentacles (Abyss:1)
2 creatures vanquished.

Grand Total: 4 creatures vanquished

Notes
Turn   | Place    | Note
--------------------------------------------------------------
     0 | Abyss:1  | Monkaria, the Spriggan Abyssal Knight, began the quest for the Orb.
     0 | Abyss:1  | Reached XP level 1. HP: 11/11 MP: 2/2
   196 | Abyss:1  | Noticed a small abomination
   231 | Abyss:1  | Killed a small abomination
   231 | Abyss:1  | Reached XP level 2. HP: 10/16 MP: 4/4
   231 | Abyss:1  | Reached XP level 3. HP: 11/19 MP: 6/6
   380 | Abyss:1  | Noticed an eidolon
   384 | Abyss:1  | Noticed a starcursed mass
   385 | Abyss:1  | Noticed a worldbinder
   385 | Abyss:1  | Noticed a large abomination
   387 | Abyss:1  | Noticed a spiny frog
   389 | Abyss:1  | Noticed a spiny frog
   399 | Abyss:1  | Noticed a yak
   414 | Abyss:1  | Noticed a tentacled starspawn
   436 | Abyss:1  | Noticed a tentacled starspawn
   439 | Abyss:1  | Noticed a small abomination
   441 | Abyss:1  | Noticed a smoke demon
   441 | Abyss:1  | Noticed a tentacled starspawn
   461 | Abyss:1  | Noticed a wretched star
   471 | Abyss:1  | Noticed an orange demon
   482 | Abyss:1  | Noticed a golden eye
   498 | Abyss:1  | Noticed a spatial maelstrom
   498 | Abyss:1  | Noticed a spatial vortex
   498 | Abyss:1  | Noticed a spatial vortex
   500 | Abyss:1  | Noticed a spatial vortex
   508 | Abyss:1  | Noticed a spatial vortex
   508 | Abyss:1  | Noticed a spatial vortex
   509 | Abyss:1  | Noticed a spatial vortex
   511 | Abyss:1  | Noticed a spatial vortex
   511 | Abyss:1  | Slain by a spatial maelstrom

Action                   || total
-------------------------++-------
Melee: Spear             ||    20
  Use: Scroll            ||     2
 Stab: Distracted        ||     1
